 Dungeon Crawl Stone Soup version 0.24-a0-264-gf46a388040 (webtiles) character file.

Game seed: 3721332565805192656

58 Redear the Skirmisher (level 3, -1/33 HPs)
             Began as a Draconian Fighter on Apr 20, 2019.
             Slain by an adder (4 damage)
             ... on level 2 of the Dungeon.
             The game lasted 00:01:52 (1008 turns).

Redear the Skirmisher (Draconian Fighter)           Turns: 1008, Time: 00:01:52

Health: -1/33      AC:  5    Str: 18    XL:     3   Next: 75%
Magic:  3/3        EV: 10    Int:  9    God:
Gold:   82         SH:  9    Dex: 10    Spells: 2/2 levels left

rFire    . . .     SeeInvis .   a - +0 long sword
rCold    . . .     Gourm    .   b - +0 shield
rNeg     . . .     Faith    .   (armour unavailable)
rPois    .         Spirit   .   (helmet restricted)
rElec    .         Reflect  .   (no cloak)
rCorr    .         Harm     .   (no gloves)
MR       .....                  (no boots)
Stlth    +.........             (no amulet)
HPRegen  0.11/turn              (no ring)
MPRegen  0.08/turn              (no ring)

@: no status effects
A: unfitting armour, cold-blooded, AC +5
a: no special abilities


You were on level 2 of the Dungeon.
You were not hungry.

You visited 1 branch of the dungeon, and saw 2 of its levels.

You collected 82 gold pieces.

Inventory:

Hand Weapons
 a - a +0 long sword (weapon)
Armour
 b - a +0 shield (worn)
Scrolls
 e - a scroll of remove curse {unknown}
 f - a scroll of enchant armour {unknown}
Potions
 c - a potion of might {Str+5 DMG+1d10 | @q3}
 g - a potion of curing {unknown}
Comestibles
 h - 4 chunks of flesh
 z - 3 rations


   Skills:
 + Level 3.8 Fighting
 + Level 2.6 Long Blades
 + Level 3.1 Dodging
 + Level 3.4 Shields


You had 2 spell levels left.
You didn't know any spells.
Your spell library was empty.

Dungeon Overview and Level Annotations

Branches:
Dungeon (2/15)

Altars:


Innate Abilities, Weirdness & Mutations

Your plain brown scales are hard. (AC +5)
You cannot fit into any form of body armour.
You are cold-blooded and may be slowed by cold attacks.


Message History

Unknown command.
You hit the adder but do no damage.
The adder is moderately wounded.
The adder completely misses you.
You riposte.
You hit the adder.
You tail-slap the adder, but do no damage.
The adder is heavily wounded.
The adder bites you.
* * * LOW HITPOINT WARNING * * *
You take 2 damage, and have 6/33 hp.
Unknown command.
You closely miss the adder.
Your tail-slap misses the adder.
The adder is heavily wounded.
The adder bites you.
* * * LOW HITPOINT WARNING * * *
You block the adder's attack.
You take 3 damage, and have 3/33 hp.
Unknown command.
Okay, then.
It was a potion of magic.
Magic courses through your body. The adder bites you.
You die...

... # #.# # .......... .>.
.### .......... ... ...
..... .... #.#..# #...g
.....##.#..###. #...#
#....S...... #...#
###@######### #...#
#..$.!......# #...#
#.#.#........ #...#
#.#.#.....# ##.##
#.#......## ### #†#
#.###..### ..#
#)########.###..####.
#.###.)......#...........#
#......#.......###########


You could see an adder.

Vanquished Creatures
  3 gnolls (D:2)
  An adder (D:2)
  A worm (D:2)
  A giant cockroach (D:2)
  3 goblins (D:1)
  A hobgoblin (D:1)
  A kobold (D:2)
  3 quokkas (D:2)
  A ball python (D:1)
  A bat (D:2)
  A frilled lizard (D:1)
  4 rats
21 creatures vanquished.

Notes
Turn   | Place    | Note
-------+----------+-------------------------------------------
     0 | D:1      | Redear the Draconian Fighter began the quest for the Orb.
     0 | D:1      | Reached XP level 1. HP: 19/19 MP: 1/1
   359 | D:1      | Reached XP level 2. HP: 19/26 MP: 2/2
   609 | D:2      | Reached skill level 3 in Dodging
   845 | D:2      | Reached XP level 3. HP: 25/33 MP: 3/3
   885 | D:2      | HP: 1/33 [worm (12)]
  1007 | D:2      | HP: 3/33 [adder (3)]
  1008 | D:2      | Slain by an adder

Levels and vault maps discovered:
D:1:      minmay_arrival_shoal_huts, layout_basic
D:2:      layout_loops_cross, minmay_stone_trees_small,
          minmay_goblin_kobold_house

Skill      XL: |  1  2 |
---------------+-------+-----
Dodging        | 3 |  3.1
Fighting       | |  3.8
Long Blades    | |  2.6
Shields        | |  3.4

Action                   || total
-------------------------++-------
Melee: Long sword        ||    73
       Tailslap          ||    11
  Use: Potion            ||     1
Armor: Skin              ||    12
Dodge: Dodged            ||    27
Block: Shield            ||    38
       Rpst.: Long sword ||    12

Table legend:
 A = Non-vault XP
 B = Vault XP
 C = Vault XP percentage of total XP
 D = Non-vault monster count
 E = Vault monster count
 F = Vault count percentage of total count
                 A         B        C        D         E       F
            +---------+---------+-------+---------+---------+-------
      Total |      83 |       0 |   0.0 |      21 |       0 |   0.0
            +---------+---------+-------+---------+---------+-------
        D:1 |      12 |       0 |   0.0 |       8 |       0 |   0.0
        D:2 |      71 |       0 |   0.0 |      13 |       0 |   0.0
            +---------+---------+-------+---------+---------+-------
